[Event "Titled Tuesday Blitz November 15 Late 2022"]
[White "Vujic, Mihailo"]
[Black "Papasimakopoulos, Alexandros"]
[WhiteFideId "918873"]
[BlackFideId "4244125"]
[WhiteElo "2256"]
[BlackElo "2365"]
[Result "0-1"]
[Round "02"]
[TimeControl "180+1"]
[Date "2022.11.16"]
[WhiteClock "0:00:01"]
[BlackClock "0:01:42"]

1. e4 e6 2. d4 d5 3. Nc3 Bb4 4. a3 Bxc3+ 5. bxc3 dxe4 6. Qg4 Nf6 7. Qxg7 Rg8 8. Qh6 Rg6 9. Qh4 c5 10. Ne2 Qa5 11. Bg5 Nbd7 12. Bxf6 Nxf6 13. dxc5 Qxc5 14. Qf4 e5 15. Qe3 Qxe3 16. fxe3 h5 17. Ng3 h4 18. Bb5+ Ke7 19. Ne2 a6 20. Bc4 b5 21. Bb3 Rxg2 22. Rf1 Bg4 23. Rf2 h3 24. Ng3 Bf3 25. Nf5+ Kf8 26. Rxg2 hxg2 27. Kf2 Rd8 28. Kg3 Rd2 29. a4 bxa4 30. Bc4 Nh5+ 31. Kh4 Rxc2 32. Rb1 Ke8 33. Rb7 Rd2 34. Bxf7+ Kd8 35. Rb1 Rf2 36. Bxh5 Rf1 37. Bxf3 exf3 38. Rb8+ Kc7 0-1


[Site "https://www.chess.com"]

[Event "Titled Tuesday Blitz November 15 Late 2022"]
[White "Ward, Ieuan C"]
[Black "Pichot, Alan"]
[WhiteFideId "406627"]
[BlackFideId "110973"]
[WhiteElo "2342"]
[BlackElo "2560"]
[Result "0-1"]
[Round "02"]
[TimeControl "180+1"]
[Date "2022.11.16"]
[WhiteClock "0:00:26"]
[BlackClock "0:02:05"]

1. d4 g6 2. c4 d6 3. Nc3 Bg7 4. Nf3 Nd7 5. g3 e5 6. Bg2 a5 7. dxe5 dxe5 8. O-O Ngf6 9. h3 O-O 10. Be3 c6 11. Qc2 Re8 12. Rad1 Qe7 13. b3 Nc5 14. Rfe1 Bf5 15. Qc1 Nfd7 16. Bg5 f6 17. Bh6 Nf8 18. Bxg7 Kxg7 19. Nh4 Bd7 20. Ne4 Nxe4 21. Bxe4 Bxh3 22. Qc3 Ne6 23. Kh2 Ng5 24. Bh1 Bg4 25. f3 Be6 26. f4 Nf7 27. e4 Qb4 28. Qf3 Rad8 29. f5 Ng5 30. Qg4 Bc8 31. Nf3 Nf7 32. Qh4 Qc3 33. fxg6 hxg6 34. Rxd8 Rxd8 35. Rf1 Rh8 0-1


[Site "https://www.chess.com"]

[Event "Titled Tuesday Blitz November 15 Late 2022"]
[White "Wieczorek, Oskar"]
[Black "Baltaci, Ismail Tarik"]
[WhiteFideId "1133950"]
[BlackFideId "6365213"]
[WhiteElo "2404"]
[BlackElo "2352"]
[Result "1-0"]
[Round "02"]
[TimeControl "180+1"]
[Date "2022.11.16"]
[WhiteClock "0:02:11"]
[BlackClock "0:01:46"]

1. e4 c5 2. Nf3 Nc6 3. b4 cxb4 4. d4 d5 5. exd5 Qxd5 6. c4 bxc3 7. Nxc3 Qa5 8. Rb1 Qxc3+ 9. Bd2 Qa3 10. d5 Nb8 11. Qc2 Na6 12. Bb5+ Bd7 13. Bxd7+ Kxd7 14. Rxb7+ Kd8 15. Qc6 Nf6 16. Ne5 1-0


[Site "https://www.chess.com"]

[Event "Titled Tuesday Blitz November 15 Late 2022"]
[White "Willow, Jonah B"]
[Black "Taspinar, Yanki"]
[WhiteFideId "438804"]
[BlackFideId "34561188"]
[WhiteElo "2300"]
[BlackElo "2225"]
[Result "0-1"]
[Round "02"]
[TimeControl "180+1"]
[Date "2022.11.16"]
[WhiteClock "0:00:04"]
[BlackClock "0:00:02"]

1. e4 e6 2. d4 d5 3. Nd2 c5 4. Ngf3 cxd4 5. exd5 Qxd5 6. Bc4 Qd7 7. O-O Nf6 8. Nb3 Nc6 9. Qe2 a6 10. a4 Bd6 11. Bg5 Qc7 12. Rfd1 O-O 13. Nbxd4 e5 14. Nxc6 bxc6 15. Bxf6 gxf6 16. Nh4 Be6 17. Bd3 Kg7 18. Qh5 Rh8 19. Bf5 Rag8 20. Rd3 Kf8 21. Rad1 Be7 22. Bxe6 fxe6 23. Rd7 Qc8 24. Nf3 Rg7 25. Qh6 Rg8 26. g3 Qb8 27. b3 Ke8 28. Qh5+ Kf8 29. Qh3 f5 30. Qh6 Kf7 31. Re1 e4 32. Nd4 Rg6 33. Qxh7+ R8g7 34. Qh5 Qc8 35. Ra7 Kf6 36. Qh4+ Rg5 37. f4 exf3 38. Nxf3 Bc5+ 39. Kg2 Bxa7 40. Nxg5 Rxg5 41. Rd1 Kg6 42. Qf4 Qe8 43. h4 Rg4 44. h5+ Kh7 45. Qc7+ Rg7 46. Qa5 Bb8 47. Rd3 Qxh5 48. Qb6 Qe2+ 49. Kg1 Bxg3 50. Qe3 Bf2+ 0-1


[Site "https://www.chess.com"]

[Event "Titled Tuesday Blitz November 15 Late 2022"]
[White "Winkels, Marcel"]
[Black "Mikhalsky, Vladimir"]
[WhiteFideId "1003887"]
[BlackFideId "14144352"]
[WhiteElo "1900"]
[BlackElo "2271"]
[Result "0-1"]
[Round "02"]
[TimeControl "180+1"]
[Date "2022.11.16"]
[WhiteClock "0:00:29"]
[BlackClock "0:00:18"]

1. d4 Nf6 2. Nc3 d5 3. Bf4 g6 4. e3 Bg7 5. h3 O-O 6. Nf3 c5 7. Be2 Nc6 8. O-O Ne4 9. Nxe4 dxe4 10. Ne5 cxd4 11. Nxc6 bxc6 12. exd4 Qxd4 13. c3 Qd5 14. Qa4 e5 15. Rfd1 Qe6 16. Bg3 Rb8 17. Bc4 Qe7 18. Bb3 Rb5 19. Qxe4 Bb7 20. Rab1 c5 21. Qe2 Rb6 22. Rd2 e4 23. Rbd1 Ba6 24. Qe3 c4 25. Bd6 Rxd6 26. Rxd6 cxb3 27. Rxa6 bxa2 28. Rxa2 Qb7 29. Qxa7 Qb3 30. Qa4 Qe6 31. c4 e3 32. fxe3 Qxe3+ 33. Kh1 Be5 34. Qa3 Qf4 35. g3 Qe4+ 36. Kg1 Bd4+ 37. Kh2 Qe2+ 38. Kh1 Qxd1+ 39. Kh2 Qg1# 0-1


[Site "https://www.chess.com"]

[Event "Titled Tuesday Blitz November 15 Late 2022"]
[White "Yoo, Christopher Woojin"]
[Black "Iliaguev, Nisim"]
[WhiteFideId "30909694"]
[BlackFideId "2817276"]
[WhiteElo "2463"]
[BlackElo "2244"]
[Result "1/2-1/2"]
[Round "02"]
[TimeControl "180+1"]
[Date "2022.11.15"]
[WhiteClock "0:00:02"]
[BlackClock "0:00:17"]

1. e4 c6 2. d3 d5 3. Nd2 dxe4 4. dxe4 g6 5. Ngf3 Bg7 6. Bc4 Nf6 7. O-O O-O 8. Qe2 Bg4 9. h3 Bxf3 10. Nxf3 Nbd7 11. e5 Nd5 12. e6 N7b6 13. exf7+ Rxf7 14. Ng5 Rf5 15. Qe6+ Kh8 16. Bd3 Rf6 17. Qxf6 Bxf6 18. Nf7+ Kg7 19. Nxd8 Rxd8 20. Be4 Nc4 21. c3 a5 22. Rd1 a4 23. b3 Ncb6 24. Bb2 Ra8 25. Rac1 axb3 26. axb3 Ra2 27. Ba1 Ra3 28. Bxd5 Nxd5 29. c4 Nf4 30. Bxf6+ Kxf6 31. Ra1 Rxb3 32. Rab1 Rc3 33. Rxb7 Rxc4 34. Re1 Nd5 35. g3 h5 36. h4 Rc2 37. Rd7 Rc3 38. Kg2 Rc2 39. Rd8 Kf7 40. Rc8 c5 41. Re5 e6 42. Rc6 c4 43. Rexe6 c3 44. Re5 Rd2 45. Kf3 c2 46. Re2 Rd3+ 47. Kg2 Nb4 48. Rc7+ Kf6 49. Re4 Rb3 50. Rec4 Ke6 51. Rc8 Rb2 52. R8c7 Rb3 53. Rc8 Rb2 54. R8c5 Rb3 55. Rc8 1/2-1/2


[Site "https://www.chess.com"]

[Event "Titled Tuesday Blitz November 15 Late 2022"]
[White "Yurovskykh, Oleksandr"]
[Black "Suleymanli, Aydin"]
[WhiteFideId "14134020"]
[BlackFideId "13413937"]
[WhiteElo "2265"]
[BlackElo "2481"]
[Result "1-0"]
[Round "02"]
[TimeControl "180+1"]
[Date "2022.11.16"]
[WhiteClock "0:00:09"]
[BlackClock "0:00:04"]

1. d4 Nf6 2. Nf3 d5 3. Bf4 Bf5 4. e3 e6 5. Bd3 Bd6 6. Bxf5 exf5 7. Bxd6 Qxd6 8. O-O Nbd7 9. Nbd2 Qe6 10. Rc1 O-O 11. c4 c6 12. Qc2 dxc4 13. Nxc4 g6 14. a3 Nb6 15. Na5 Rab8 16. Ne5 Ng4 17. Nxg4 fxg4 18. Nb3 Nd7 19. Nc5 Nxc5 20. Qxc5 a6 21. Rc3 Rbd8 22. Rfc1 Rd5 23. Qc4 h5 24. b4 h4 25. Qf1 h3 26. Rc5 Rfd8 27. Rxd5 Rxd5 28. Rc5 Rd6 29. Re5 Qd7 30. Qc4 Kg7 31. a4 Rf6 32. g3 Rf5 33. Qc5 Rf6 34. Kf1 Qd8 35. Ke2 Rd6 36. Re4 Rd5 37. Qe7 Qc8 38. Re5 Rd7 39. Qc5 Qh8 40. Re7 Rxe7 41. Qxe7 Qh5 42. Qe5+ f6 43. Qxh5 gxh5 44. Kd3 f5 45. Kc4 Kf6 46. Kc5 Ke6 47. a5 Kd7 48. d5 Kc7 49. d6+ Kd7 50. Kb6 Kxd6 51. Kxb7 Kd5 52. Kxa6 Ke4 53. Kb6 Kf3 54. a6 Kxf2 55. a7 Kg2 56. a8=Q Kxh2 57. Qxc6 Kxg3 58. Qh1 h2 59. Kc5 h4 60. b5 Kh3 61. b6 g3 62. Qf3 h1=Q 63. Qxh1+ Kg4 64. b7 h3 65. b8=Q h2 66. Qg2 f4 67. Qxf4+ Kh5 68. Qh3+ Kg6 69. Qhg4+ Kh7 70. Qf7+ Kh6 71. Qfg7# 1-0


[Site "https://www.chess.com"]

[Event "Titled Tuesday Blitz November 15 Late 2022"]
[White "Zanette, Edgard Vinicius"]
[Black "Poliakova, Varvara"]
[WhiteFideId "2109263"]
[BlackFideId "13518313"]
[WhiteElo "2211"]
[BlackElo "2099"]
[Result "1/2-1/2"]
[Round "02"]
[TimeControl "180+1"]
[Date "2022.11.16"]
[WhiteClock "0:00:08"]
[BlackClock "0:00:58"]

1. e4 e5 2. Nf3 Nc6 3. Bb5 f5 4. Nc3 d6 5. d4 fxe4 6. Nxe4 Nf6 7. Qe2 Nxe4 8. Qxe4 Bd7 9. dxe5 Nxe5 10. Nxe5 dxe5 11. Qxe5+ Qe7 12. Qxe7+ Bxe7 13. Bxd7+ Kxd7 14. Be3 Kc6 15. O-O-O Bd6 16. h3 Rae8 17. Rhe1 h5 18. h4 Re4 19. Bg5 Rhe8 20. Rxe4 Rxe4 21. Kd2 b5 22. g3 a5 23. Re1 Kd5 24. Rxe4 Kxe4 25. Ke2 c5 26. Bd2 a4 27. b3 c4 28. bxa4 bxa4 29. Bc3 g6 30. f3+ Kd5 31. g4 Be7 32. gxh5 gxh5 33. Be1 Kd4 34. c3+ Kd5 35. Bf2 Bf6 36. Be1 Ke5 37. Ke3 Kf5 38. f4 Bg7 39. Kf3 Bf8 40. Bf2 a3 41. Bd4 Be7 42. Bf2 Bd6 43. Be3 Bc7 44. Bd2 Ba5 45. Be1 Bd8 46. Bf2 Bf6 47. Be1 Bh8 48. Bd2 Bg7 49. Be1 Bh6 50. Bg3 Bf8 51. Bf2 Bd6 52. Be3 Bc7 53. Bc1 Bd6 54. Be3 1/2-1/2


[Site "https://www.chess.com"]

[Event "Titled Tuesday Blitz November 15 Late 2022"]
[White "Zhang, Derek"]
[Black "Figorito, Nick"]
[WhiteFideId "2087871"]
[BlackFideId "30923689"]
[WhiteElo "2087"]
[BlackElo "2357"]
[Result "1-0"]
[Round "02"]
[TimeControl "180+1"]
[Date "2022.11.16"]
[WhiteClock "0:02:08"]
[BlackClock "0:00:59"]

1. Nf3 Nf6 2. c4 g6 3. Nc3 c5 4. e3 Bg7 5. d4 cxd4 6. exd4 d5 7. Bg5 dxc4 8. Bxc4 O-O 9. O-O Bg4 10. h3 Bxf3 11. Qxf3 Nc6 12. Rad1 Rc8 13. Qe3 e6 14. d5 Na5 15. Be2 Rxc3 16. bxc3 Nxd5 17. Bxd8 Nxe3 18. fxe3 Nc6 19. Bh4 Bxc3 20. Be1 Be5 21. Bf3 Rc8 22. Rc1 Kg7 23. Bxc6 bxc6 24. Rc4 Bf6 25. Bc3 Bxc3 26. Rxc3 c5 27. Rfc1 Rd8 28. Rxc5 Rd2 29. R1c2 Rd1+ 30. Kf2 1-0


[Site "https://www.chess.com"]

[Event "Titled Tuesday Blitz November 15 Late 2022"]
[White "Zhou, Qiyu"]
[Black "Saveliev, Alexei"]
[WhiteFideId "505161"]
[BlackFideId "24128546"]
[WhiteElo "2101"]
[BlackElo "2290"]
[Result "0-1"]
[Round "02"]
[TimeControl "180+1"]
[Date "2022.11.16"]
[WhiteClock "0:00:03"]
[BlackClock "0:00:02"]

1. d4 g6 2. Bf4 Bg7 3. e4 d6 4. f3 Nc6 5. Ne2 Nf6 6. Nbc3 O-O 7. Qd2 e5 8. Be3 exd4 9. Nxd4 d5 10. O-O-O dxe4 11. fxe4 Ng4 12. Nxc6 Qxd2+ 13. Bxd2 bxc6 14. Rg1 Bd4 15. Bc4 Bxg1 16. Rxg1 Be6 17. Be2 Rad8 18. h3 Ne5 19. Bf4 f6 20. g4 g5 21. Be3 Ng6 22. Bxa7 Rfe8 23. Be3 Kg7 24. Rf1 Ne5 25. a3 Bc4 26. Bxc4 Nxc4 27. Bc5 Nd6 28. Re1 h5 29. gxh5 Rh8 30. e5 fxe5 31. Rxe5 Rxh5 32. Re7+ Nf7 33. Ne4 g4 34. b4 gxh3 35. Ng3 Rg5 36. Ne4 h2 37. Nxg5 h1=Q+ 38. Kb2 Rd1 39. Nxf7 Rb1+ 40. Kc3 Qf3+ 41. Kc4 Qd5+ 42. Kc3 Ra1 43. Bd4+ Kg6 44. Rxc7 Rxa3+ 45. Kd2 Qxd4+ 46. Kc1 Ra1# 0-1


[Site "https://www.chess.com"]

[Event "Titled Tuesday Blitz November 15 Late 2022"]
[White "Zhurbinsky, David"]
[Black "Baskakov, Egor"]
[WhiteFideId "2072904"]
[BlackFideId "24197866"]
[WhiteElo "2572"]
[BlackElo "2211"]
[Result "0-1"]
[Round "02"]
[TimeControl "180+1"]
[Date "2022.11.16"]
[WhiteClock "0:00:05"]
[BlackClock "0:01:33"]

1. e4 c5 2. Nf3 Nf6 3. e5 Nd5 4. c4 Nc7 5. Nc3 Nc6 6. Be2 g6 7. d3 Bg7 8. Bf4 Ne6 9. Bg3 O-O 10. O-O b6 11. Re1 Bb7 12. Qd2 Ned4 13. Nxd4 Nxd4 14. Bf1 Nf5 15. f4 Nxg3 16. hxg3 d6 17. e6 fxe6 18. Rxe6 Bc8 19. Re2 e5 20. Rae1 Bh6 21. Nd5 Bb7 22. Re4 Bxd5 23. cxd5 Qf6 24. Be2 exf4 25. Bg4 fxg3 26. Be6+ Kh8 27. Qd1 Bf4 28. Rf1 Qg5 29. Qf3 Be5 30. Qxf8+ Rxf8 31. Rxf8+ Kg7 32. Rf7+ Kh6 33. Rf1 Bxb2 34. Rg4 Bd4+ 35. Kh1 Qh5+ 36. Rh4 Qxh4+ 37. Bh3 Qg5 38. Rd1 Qxd5 39. a4 Qb3 40. Rf1 a6 41. a5 bxa5 42. Be6 Qxe6 43. Re1 Qxe1# 0-1


[Site "https://www.chess.com"]

[Event "Titled Tuesday Blitz November 15 Late 2022"]
[White "Zwirs, Nico"]
[Black "Fedoseev, Vladimir"]
[WhiteFideId "1036432"]
[BlackFideId "24130737"]
[WhiteElo "2381"]
[BlackElo "2726"]
[Result "0-1"]
[Round "02"]
[TimeControl "180+1"]
[Date "2022.11.15"]
[WhiteClock "0:00:01"]
[BlackClock "0:00:16"]

1. e4 c6 2. d4 d5 3. exd5 cxd5 4. c4 Nf6 5. Nc3 e6 6. Nf3 Bb4 7. cxd5 Nxd5 8. Bd2 Nc6 9. Bd3 O-O 10. O-O Be7 11. Re1 Nf6 12. Bg5 Nb4 13. Bb1 b6 14. a3 Nbd5 15. Nxd5 Nxd5 16. Qd3 g6 17. Bh6 Re8 18. Bc2 Bf6 19. Ne5 Bb7 20. Ba4 Re7 21. Nc6 Bxc6 22. Bxc6 Rc8 23. Bb5 Nc7 24. Rad1 Nxb5 25. Qxb5 Rd7 26. Be3 Rd5 27. Qa4 a5 28. g3 b5 29. Qb3 Rc4 30. Re2 a4 31. Qa2 Bxd4 32. Bxd4 Rdxd4 33. Rxd4 Rc1+ 34. Kg2 Qxd4 35. b4 Qd1 36. Qd2 Qf1+ 37. Kf3 Qh1+ 38. Kg4 Rc4+ 39. f4 h5+ 40. Kg5 Kg7 41. Qb2+ Kh7 42. Qf6 Qd5+ 43. Re5 Qd7 44. Kh4 Rc7 45. h3 Rb7 46. Rc5 Qe8 47. Rc2 Rd7 48. Rc5 Rd5 49. Rxd5 exd5 0-1


[Site "https://www.chess.com"]

[Event "Titled Tuesday Blitz November 15 Late 2022"]
[White "vjecspec"]
[Black "Liu, Kelsey"]
[BlackFideId "30944481"]
[WhiteElo "2521"]
[BlackElo "2330"]
[Result "1-0"]
[Round "02"]
[TimeControl "180+1"]
[Date "2022.11.16"]
[WhiteClock "0:02:57"]
[BlackClock "0:01:15"]

1. e4 c5 2. Nf3 e6 3. c4 Nc6 4. d4 cxd4 5. Nxd4 Nf6 6. Nc3 Bb4 7. Nxc6 bxc6 8. Bd3 d6 9. O-O e5 10. Qe2 O-O 11. Na4 Qa5 12. Qc2 Be6 13. a3 1-0


[Site "https://www.chess.com"]

[Event "Titled Tuesday Blitz November 15 Late 2022"]
[White "Adury, Anant"]
[Black "Ter-Sahakyan, Samvel"]
[WhiteFideId "30964687"]
[BlackFideId "13302531"]
[WhiteElo "2257"]
[BlackElo "2852"]
[Result "1/2-1/2"]
[Round "03"]
[TimeControl "180+1"]
[Date "2022.11.16"]
[WhiteClock "0:00:12"]
[BlackClock "0:00:12"]

1. Nf3 d5 2. g3 g6 3. Bg2 Bg7 4. O-O e5 5. d3 Nc6 6. e4 dxe4 7. dxe4 Qxd1 8. Rxd1 Bg4 9. c3 Nf6 10. h3 Be6 11. Re1 a5 12. a4 O-O 13. Na3 Rfd8 14. Nb5 Ne8 15. Ng5 Bc4 16. Bf1 Bxf1 17. Kxf1 Na7 18. Nxa7 Rxa7 19. Be3 Raa8 20. Rad1 Bf8 21. Ke2 Be7 22. Nf3 f6 23. Nd2 Nd6 24. Bc5 Kf7 25. Bxd6 Rxd6 26. Nc4 Rxd1 27. Rxd1 Ke6 28. Rd5 b6 29. Rd1 Rb8 30. Rd2 c6 31. Ne3 Bc5 32. Nc4 h5 33. f3 Ra8 34. Ne3 f5 35. Rd1 Rf8 36. Rb1 fxe4 37. fxe4 h4 38. Rf1 Rh8 39. g4 Rb8 40. Rb1 b5 41. axb5 Rxb5 42. Nc4 Be7 43. Ra1 Bd8 44. Rf1 Be7 45. Ra1 Bd8 46. Rf1 Rc5 47. Kd3 Be7 48. Ra1 Bd8 49. Rf1 Be7 50. Ra1 Bd8 51. Rf1 1/2-1/2


[Site "https://www.chess.com"]

[Event "Titled Tuesday Blitz November 15 Late 2022"]
[White "Aguilar, Juan"]
[Black "Jaracz, Pawel"]
[WhiteFideId "3800091"]
[BlackFideId "1102222"]
[WhiteElo "2428"]
[BlackElo "2459"]
[Result "1-0"]
[Round "03"]
[TimeControl "180+1"]
[Date "2022.11.16"]
[WhiteClock "0:00:10"]
[BlackClock "0:00:26"]

1. d4 Nf6 2. c4 e5 3. dxe5 Ne4 4. Nd2 Bb4 5. Nf3 Nc6 6. a3 Nxd2 7. Bxd2 Bxd2+ 8. Qxd2 Qe7 9. Qc3 O-O 10. e3 Re8 11. O-O-O Nxe5 12. Nxe5 Qxe5 13. Qxe5 Rxe5 14. Rd5 Re8 15. Be2 d6 16. Rhd1 Be6 17. R5d4 a5 18. Bf3 Rab8 19. Bd5 Bf5 20. Rf4 Bg6 21. g4 Re5 22. h4 h5 23. Rg1 c6 24. Bf3 hxg4 25. Rfxg4 d5 26. Rg5 Rxg5 27. Rxg5 dxc4 28. Rxa5 Bd3 29. Rg5 f6 30. Rg3 Kf7 31. Bh5+ g6 32. Bf3 Rh8 33. Rh3 f5 34. Kd2 Kf6 35. Kc3 c5 36. b3 b5 37. bxc4 Bxc4 38. a4 Rb8 39. axb5 Bxb5 40. Rh1 Bd7 41. Rd1 Be6 42. Rd6 Ke5 43. Rc6 c4 44. Be2 Rb3+ 45. Kc2 Ra3 46. Bxc4 Bxc4 47. Rxc4 Ra2+ 48. Kd3 Rxf2 49. Rc6 Rg2 50. Rc5+ Kf6 51. Rc4 Rh2 52. Kc3 Kg7 53. Kd3 Kh6 54. Rf4 Rh3 55. Kd4 Kh5 56. e4 Rxh4 57. Rxh4+ Kxh4 58. e5 Kg5 59. Kd5 f4 60. e6 Kf6 61. Kd6 f3 62. e7 f2 63. e8=Q f1=Q 64. Qf8+ 1-0


[Site "https://www.chess.com"]

[Event "Titled Tuesday Blitz November 15 Late 2022"]
[White "Al-Tarboush, Ward"]
[Black "Arnold, Ken"]
[WhiteFideId "7601450"]
[BlackFideId "2056836"]
[WhiteElo "2273"]
[BlackElo "2334"]
[Result "0-1"]
[Round "03"]
[TimeControl "180+1"]
[Date "2022.11.16"]
[WhiteClock "0:01:13"]
[BlackClock "0:00:11"]

1. e4 c6 2. Nf3 d5 3. Nc3 dxe4 4. Nxe4 Nf6 5. Nxf6+ exf6 6. Bc4 Bd6 7. Qe2+ Qe7 8. Qxe7+ Bxe7 9. O-O O-O 10. d4 Bd6 11. Re1 Bg4 12. a4 Bxf3 13. gxf3 a5 14. Bd3 Na6 15. c3 Nc7 16. Bc4 Rfe8 17. Be3 g6 18. Kg2 f5 19. Bd2 Nd5 20. Bxd5 cxd5 21. Rxe8+ Rxe8 22. Re1 Rb8 23. b4 b5 24. bxa5 bxa4 25. a6 Ra8 26. Bh6 Bf8 27. Bf4 a3 28. a7 Rxa7 29. Re8 Kg7 30. Re1 a2 31. Ra1 f6 32. Kf1 Kf7 33. Ke2 g5 34. Bc1 Bd6 35. h3 h5 36. Kd3 h4 37. Bb2 g4 38. fxg4 fxg4 39. hxg4 h3 40. Rh1 h2 41. Kc2 Rb7 42. f3 Bf4 43. Ra1 Be3 44. Rh1 Bg1 45. Kc1 f5 46. g5 f4 47. Kc2 Kg6 48. c4 dxc4 49. d5 Kxg5 50. Be5 Kf5 51. Bc3 Rb1 52. d6 Ke6 53. Bd4 a1=Q 54. Bxa1 Rxa1 55. Kc3 Rf1 56. Kxc4 Kxd6 57. Kd3 Rxf3+ 58. Ke4 Rf2 59. Kf5 Kd5 60. Kg4 Ke4 61. Kh3 Ke3 62. Kg4 Ke2 63. Kh3 Kf1 64. Rxg1+ hxg1=Q 65. Kh4 Rh2# 0-1


[Site "https://www.chess.com"]

[Event "Titled Tuesday Blitz November 15 Late 2022"]
[White "Alekseenko, Kirill"]
[Black "Hambleton, Aman"]
[WhiteFideId "4135539"]
[BlackFideId "2606577"]
[WhiteElo "2682"]
[BlackElo "2538"]
[Result "1/2-1/2"]
[Round "03"]
[TimeControl "180+1"]
[Date "2022.11.15"]
[WhiteClock "0:00:08"]
[BlackClock "0:00:04"]

1. e4 b6 2. d4 Bb7 3. Bd3 e6 4. Ne2 d5 5. e5 Ba6 6. Bxa6 Nxa6 7. O-O Qd7 8. c3 c5 9. Nd2 Nb8 10. f4 Ne7 11. Nf3 Nbc6 12. Be3 Nf5 13. Bf2 h5 14. g3 Be7 15. h3 cxd4 16. Nexd4 Nfxd4 17. cxd4 O-O-O 18. a3 Kb7 19. b4 Rc8 20. Rc1 g6 21. Kg2 Nb8 22. Qd3 a6 23. g4 Qb5 24. Qxb5 axb5 25. Nd2 Rxc1 26. Rxc1 Nc6 27. Nf3 Kc7 28. Bg3 Kd7 29. Kf2 hxg4 30. hxg4 Ra8 31. Rc3 Bd8 32. Kg2 Rc8 33. Bf2 Ne7 34. Rxc8 Nxc8 35. Bh4 Bxh4 36. Nxh4 Ne7 37. Nf3 Ke8 38. Kf2 Nc6 39. Ke3 Kf8 40. Ng1 Ke7 41. Ne2 Na7 42. Nc3 Kd7 43. Kf3 Ke7 44. Kg3 f6 45. Kh4 Kf7 46. Kg3 Kg7 47. exf6+ Kxf6 48. Kh4 Kf7 49. Kg5 Kg7 50. f5 gxf5 51. gxf5 Kf7 52. fxe6+ Kxe6 53. Kg6 Nc8 54. Nxb5 Ne7+ 55. Kg5 Nc6 56. Kf4 Ne7 57. Ke3 Nf5+ 58. Kd3 Kd7 59. Nc3 Kc6 60. Nd1 Nd6 61. Ne3 Nc8 62. a4 Ne7 63. Ng4 Kd6 64. Ne5 Nf5 65. b5 Kc7 66. Ng4 Kd6 67. Ne3 Ne7 68. Ke2 Ke6 69. Kf3 Nc8 70. Kf4 Nd6 71. Kg5 Nc8 72. Kg4 Nd6 73. Kf4 Ne4 74. Nf5 Nc3 75. Ng7+ Kd6 76. Ne8+ Kd7 77. Nf6+ Ke6 78. Ne8 Nxa4 79. Nc7+ Kd6 80. Ne8+ Kd7 81. Ng7 Kd6 82. Nf5+ Ke6 83. Ng7+ Kd6 84. Nf5+ Ke6 85. Ng7+ Kf6 86. Nh5+ Kg6 87. Ng3 Kf6 88. Ne2 Nb2 89. Nc3 Ke6 90. Ke3 Nc4+ 91. Kd3 Nd6 92. Kc2 Nf5 93. Ne2 Nd6 94. Kc3 Nxb5+ 95. Kb4 Nd6 96. Nf4+ Kd7 97. Nxd5 Nf5 98. Nxb6+ Kc6 99. Nc4 Kd5 100. Ne3+ Kxd4 1/2-1/2


[Site "https://www.chess.com"]

[Event "Titled Tuesday Blitz November 15 Late 2022"]
[White "Ali Abdullahi, Farah"]
[Black "Graif, William"]
[WhiteFideId "16100212"]
[BlackFideId "2609835"]
[WhiteElo "2320"]
[BlackElo "2205"]
[Result "1-0"]
[Round "03"]
[TimeControl "180+1"]
[Date "2022.11.16"]
[WhiteClock "0:01:44"]
[BlackClock "0:00:01"]

1. d4 Nf6 2. Nf3 d5 3. c4 e6 4. cxd5 exd5 5. Nc3 c6 6. Bg5 h6 7. Bh4 Bf5 8. e3 Nbd7 9. Bd3 Bxd3 10. Qxd3 Be7 11. O-O O-O 12. Bxf6 Nxf6 13. Ne5 Re8 14. f4 Bf8 15. Qf5 Qc8 16. Qd3 Ne4 17. Nxe4 dxe4 18. Qb3 Re7 19. f5 Rc7 20. f6 Qe6 21. fxg7 Bxg7 22. Qxe6 fxe6 23. Nc4 Rf8 24. Nd2 h5 25. Nxe4 Rcf7 26. Rxf7 Rxf7 27. Rf1 Bh6 28. Rxf7 Kxf7 29. Kf2 Ke7 30. Kf3 b6 31. b3 a6 32. h3 Kf7 33. g4 Kg6 34. Ng3 hxg4+ 35. hxg4 Bg5 36. Nh5 Bh6 37. Ng3 Bg5 38. Ne4 Bh6 39. Nd6 Kf6 40. Nc4 b5 41. Ne5 c5 42. Nd7+ Ke7 43. Nxc5 a5 44. Nb7 a4 45. bxa4 bxa4 46. a3 Bf8 47. Nc5 Kf7 48. Nxa4 Bxa3 49. Nc5 Bb4 50. Ke4 Kf6 51. g5+ Kxg5 52. Nxe6+ Kf6 53. Nf4 Kf7 54. d5 Bc5 55. Nd3 Bb6 56. Kf4 Ke7 57. e4 Kd6 58. Nb4 1-0


[Site "https://www.chess.com"]

[Event "Titled Tuesday Blitz November 15 Late 2022"]
[White "Andronescu, Madalin"]
[Black "Remolar Gallen, Jose"]
[WhiteFideId "1217275"]
[BlackFideId "2215187"]
[WhiteElo "1946"]
[BlackElo "2252"]
[Result "0-1"]
[Round "03"]
[TimeControl "180+1"]
[Date "2022.11.16"]
[WhiteClock "0:00:13"]
[BlackClock "0:00:17"]

1. e4 c5 2. Nf3 d6 3. d4 cxd4 4. Nxd4 Nf6 5. Nc3 a6 6. Bg5 e6 7. f4 Be7 8. Qf3 Qc7 9. O-O-O Nbd7 10. g4 h6 11. Bxf6 Bxf6 12. h4 Nb6 13. g5 Bxd4 14. Rxd4 Qc5 15. Qd1 hxg5 16. Rxd6 Bd7 17. Rh3 gxf4 18. Rhd3 O-O-O 19. e5 Qc7 20. Ne4 Bc6 21. Rc3 Nd5 22. Rdxc6 bxc6 23. Bxa6+ Kd7 24. Nc5+ Ke7 25. Rd3 Rxh4 26. Qg1 Qxe5 27. Kb1 Qh5 0-1


[Site "https://www.chess.com"]

[Event "Titled Tuesday Blitz November 15 Late 2022"]
[White "Annaberdiyev, Babageldi"]
[Black "Foerster-Yialamas, Lucas"]
[WhiteFideId "14000385"]
[BlackFideId "30901774"]
[WhiteElo "2332"]
[BlackElo "2067"]
[Result "1/2-1/2"]
[Round "03"]
[TimeControl "180+1"]
[Date "2022.11.16"]
[WhiteClock "0:00:25"]
[BlackClock "0:00:12"]

1. e4 c5 2. Nf3 d6 3. d4 cxd4 4. Nxd4 Nf6 5. Nc3 Nc6 6. Bc4 e6 7. Bb3 Be7 8. O-O a6 9. Kh1 Qc7 10. f4 b5 11. Nxc6 Qxc6 12. f5 O-O 13. fxe6 fxe6 14. Bg5 b4 15. Bxf6 Rxf6 16. Nd5 Rxf1+ 17. Qxf1 Qb7 18. Qf4 h6 19. Rf1 Kh7 20. Qf7 Bg5 21. Qxb7 Bxb7 22. Nc7 Rc8 23. Nxe6 Bxe4 24. Nxg5+ hxg5 25. Rf2 d5 26. Rd2 Kg6 27. Kg1 Kf6 28. Bxd5 Bxd5 29. Rxd5 Rxc2 30. Rd6+ Kf5 31. Rxa6 Rxb2 32. h3 Kf4 33. Kh2 g4 34. hxg4 Kxg4 35. Ra4 Kh5 36. a3 b3 37. Rb4 g5 38. a4 g4 39. Kg3 Rb1 40. Rb5+ Kg6 41. Kxg4 b2 42. Kg3 Ra1 43. Rxb2 Ra3+ 44. Kh2 Rxa4 45. Rb5 Ra3 46. g3 Ra8 47. Kh3 Kg7 48. Kg4 Kg8 49. Kg5 Kh8 50. g4 Kg8 51. Rb6 Rc8 52. Kg6 Ra8 53. g5 Rc8 54. Re6 Ra8 55. Kh6 Rc8 56. Rd6 Rb8 57. Rd7 Ra8 58. Rg7+ Kh8 59. Rb7 Kg8 60. Rb6 Rc8 61. Kg6 Ra8 62. Kf6 Rc8 63. g6 Ra8 64. Kg5 Ra1 65. Rb8+ Kg7 66. Rb7+ Kg8 67. Kf6 Rf1+ 68. Ke6 Re1+ 69. Kf5 Rf1+ 70. Ke4 Re1+ 71. Kf4 Rf1+ 72. Kg5 Rg1+ 73. Kh6 Rh1+ 74. Kg5 Rg1+ 75. Kf6 Rf1+ 76. Ke6 Re1+ 77. Kd5 Rg1 78. g7 Rxg7 79. Rb8+ Kh7 80. Ke6 Rg6+ 81. Kf5 Ra6 82. Rb7+ Kg8 83. Rb5 Kf7 84. Ke5 Rh6 85. Rb7+ Ke8 86. Kf5 Ra6 87. Ke5 Kf8 88. Rb5 Rh6 89. Kd4 Rh4+ 90. Ke3 Ke7 91. Kf3 Kd6 92. Rg5 Ra4 93. Ke3 Ra3+ 94. Kd4 Ra4+ 95. Kc3 Ke6 96. Rb5 Re4 97. Rb6+ Kf5 98. Rb4 Rxb4 99. Kxb4 1/2-1/2


[Site "https://www.chess.com"]

[Event "Titled Tuesday Blitz November 15 Late 2022"]
[White "Artemenko, Oleg"]
[Black "Nugumanov, Bakhtiyar"]
[WhiteFideId "14201798"]
[BlackFideId "13701797"]
[WhiteElo "2287"]
[BlackElo "2287"]
[Result "1-0"]
[Round "03"]
[TimeControl "180+1"]
[Date "2022.11.16"]
[WhiteClock "0:00:56"]
[BlackClock "0:00:01"]

1. g4 d5 2. Bg2 Bxg4 3. c4 dxc4 4. Bxb7 Nd7 5. Bxa8 Qxa8 6. f3 e5 7. Nc3 Ngf6 8. Qa4 Be6 9. b3 Bc5 10. Ba3 O-O 11. Bxc5 Nxc5 12. Qa5 Qc6 13. bxc4 Bxc4 14. Rc1 Be6 15. Qb5 Qd6 16. Qb2 a6 17. h4 Nh5 18. Ne4 Nxe4 19. fxe4 Ng3 20. Rh2 Nxe4 21. Nf3 Bg4 22. Qxe5 Qb4 23. Rg2 h5 24. Qd4 Qe7 25. Qe5 Qb4 26. Qd4 Qe7 27. Qe3 f5 28. Ng5 Rd8 29. Qb3+ Kh8 30. Nf7+ Kh7 31. Nxd8 Qxh4+ 32. Kd1 Qh1+ 33. Kc2 Qxg2 34. Ne6 Qxe2 35. Qd5 Nf2 36. Qc6 Qxd2+ 37. Kxd2 1-0


[Site "https://www.chess.com"]